NCAA
CONNECTICUT HUSKIES @ DUKE BLUE DEVILS
05/19/2023
 
TOP OF THE 1ST
Connecticut Huskies batting - Pitching for Duke Blue Devils : LHP Steve Patton
Pitching: LHP Steve Patton
Batting: RHB Jeff Manley 0-0: Foul Ball, location: 2F
0-1: Fly out, F6 (Popup, 6MD)
Batting: RHB Alberto Peña 0-0: Foul Ball, location: 2F
0-1: Ball
1-1: Foul Ball, location: 2F
1-2: Ball
2-2: Strikes out looking
Batting: SHB Juan Román 0-0: Fly out, F9 (Popup, 34D)
Top of the 1st over - 0 run(s), 0 hit(s), 0 error(s), 0 left on base; Connecticut 0 - Duke 0
BOTTOM OF THE 1ST
Duke Blue Devils batting - Pitching for Connecticut Huskies : RHP Fernando Martínez
Pitching: RHP Fernando Martínez
Batting: RHB Randy Simons 0-0: Ball
1-0: Swinging Strike
1-1: Ground out 5-3 (Groundball, 5S)
Batting: RHB Joe Leach 0-0: Ball
1-0: Reached on error, E6 (Groundball, 6)
Batting: RHB Wayne Ressler 0-0: Called Strike
0-1: Grounds into double play, 1-6-3 (Groundball, 13)
Bottom of the 1st over - 0 run(s), 0 hit(s), 1 error(s), 0 left on base; Connecticut 0 - Duke 0
TOP OF THE 2ND
Connecticut Huskies batting - Pitching for Duke Blue Devils : LHP Steve Patton
Batting: RHB Ric Henley 0-0: Ball
1-0: Ball
2-0: Called Strike
2-1: Foul Ball, location: 2F
2-2: Foul Ball, location: 2F
2-2: Ball
3-2: Base on Balls
Batting: RHB Michael Skinner 0-0: Ball
1-0: Called Strike
1-1: Ball
2-1: Foul Ball, location: 2F
2-2: Strikes out swinging
Batting: RHB Rob Schmidt 0-0: Swinging Strike
0-1: Foul Ball, location: 2F
0-2: Ball
1-2: Strikes out swinging
Batting: SHB Enrique Rojas 0-0: Swinging Strike
0-1: Hit by Pitch
Ric Henley to second
Batting: LHB Michael Myers 0-0: Ball
1-0: Ball
2-0: Fly out, F8 (Flyball, 8LM)
Top of the 2nd over - 0 run(s), 0 hit(s), 0 error(s), 2 left on base; Connecticut 0 - Duke 0
BOTTOM OF THE 2ND
Duke Blue Devils batting - Pitching for Connecticut Huskies : RHP Fernando Martínez
Batting: RHB Don Turner 0-0: Ball
1-0: Swinging Strike
1-1: Foul Ball, location: 2F
1-2: Strikes out looking
Batting: SHB Walt Simmons 0-0: Ball
1-0: Ball
2-0: Called Strike
2-1: Ground out 4-3 (Groundball, 4M)
Batting: RHB Mike Ingram 0-0: Ball
1-0: Ball
2-0: DOUBLE (Line Drive, 78M)
Batting: SHB Randy Rodríguez 0-0: Called Strike
0-1: Ball
1-1: SINGLE (Line Drive, 8LS)
Mike Ingram to third
Runner from 3rd tries for Home, SAFE, no throw or cutoff
Batting: RHB José Simms 0-0: Foul Ball, location: 2F
0-1: Foul Ball, location: 2F
0-2: Foul Ball, location: 2F
0-2: Ground out 1-3 (Groundball, 25)
Bottom of the 2nd over - 1 run(s), 2 hit(s), 0 error(s), 1 left on base; Connecticut 0 - Duke 1
TOP OF THE 3RD
Connecticut Huskies batting - Pitching for Duke Blue Devils : LHP Steve Patton
Batting: RHB Gordon Brown 0-0: Ball
1-0: Called Strike
1-1: Ball
2-1: Foul Ball, location: 2F
2-2: Ball
3-2: Strikes out swinging
Batting: RHB Jeff Manley 0-0: Ball
1-0: Swinging Strike
1-1: Ball
2-1: Called Strike
2-2: Strikes out swinging
Batting: RHB Alberto Peña 0-0: Ball
1-0: Called Strike
1-1: Ground out 5-3 (Groundball, 5)
Top of the 3rd over - 0 run(s), 0 hit(s), 0 error(s), 0 left on base; Connecticut 0 - Duke 1
BOTTOM OF THE 3RD
Duke Blue Devils batting - Pitching for Connecticut Huskies : RHP Fernando Martínez
Batting: RHB Arturo Mesa 0-0: Foul Ball, location: 2F
0-1: Ball
1-1: Called Strike
1-2: Ball
2-2: Fly out, F8 (Flyball, 8RXD)
Batting: RHB Randy Simons 0-0: Called Strike
0-1: SINGLE (Line Drive, 8LS)
Batting: RHB Joe Leach 0-0: Ball
Randy Simons is caught stealing 2nd base
1-0: TRIPLE (Line Drive, 9LS)
Batting: RHB Wayne Ressler 0-0: Called Strike
0-1: Foul Ball, location: 2F
0-2: Ground out 5-3 (Groundball, 5L)
Bottom of the 3rd over - 0 run(s), 2 hit(s), 0 error(s), 1 left on base; Connecticut 0 - Duke 1
TOP OF THE 4TH
Connecticut Huskies batting - Pitching for Duke Blue Devils : LHP Steve Patton
Batting: SHB Juan Román 0-0: Called Strike
0-1: Ball
1-1: Swinging Strike
1-2: Ball
2-2: Strikes out looking
Batting: RHB Ric Henley 0-0: Called Strike
0-1: Fly out, F9 (Flyball, 9M)
Batting: RHB Michael Skinner 0-0: Called Strike
0-1: Called Strike
0-2: Ball
1-2: Foul Ball, location: 2F
1-2: Strikes out swinging
Top of the 4th over - 0 run(s), 0 hit(s), 0 error(s), 0 left on base; Connecticut 0 - Duke 1
BOTTOM OF THE 4TH
Duke Blue Devils batting - Pitching for Connecticut Huskies : RHP Fernando Martínez
Batting: RHB Don Turner 0-0: Called Strike
0-1: Foul Ball, location: 2F
0-2: Ground out 5-3 (Groundball, 5S)
Batting: SHB Walt Simmons 0-0: Called Strike
0-1: Ball
1-1: Foul Ball, location: 2F
1-2: Foul Ball, location: 2F
1-2: Strikes out swinging
Batting: RHB Mike Ingram 0-0: SINGLE (Flyball, 9LS)
Batting: SHB Randy Rodríguez 0-0: Called Strike
0-1: Fly out, F5 (Popup, 5F)
Bottom of the 4th over - 0 run(s), 1 hit(s), 0 error(s), 1 left on base; Connecticut 0 - Duke 1
TOP OF THE 5TH
Connecticut Huskies batting - Pitching for Duke Blue Devils : LHP Steve Patton
Batting: RHB Rob Schmidt 0-0: Called Strike
0-1: Ball
1-1: SINGLE (Line Drive, 4D)
Batting: SHB Enrique Rojas 0-0: Called Strike
0-1: Foul Ball, location: 2F
0-2: Grounds into double play, 4-6-3 (Groundball, 4)
Batting: LHB Michael Myers 0-0: Ball
1-0: Ball
2-0: Swinging Strike
2-1: Called Strike
2-2: Ball
3-2: Foul Ball, location: 2F
3-2: Foul Ball, location: 2F
3-2: Foul Ball, location: 2F
3-2: SINGLE (Line Drive, 3D)
Batting: RHB Gordon Brown 0-0: Called Strike
0-1: Ball
1-1: Called Strike
1-2: Ball
Michael Myers steals 2nd base
2-2: Strikes out swinging
Top of the 5th over - 0 run(s), 2 hit(s), 0 error(s), 1 left on base; Connecticut 0 - Duke 1
BOTTOM OF THE 5TH
Duke Blue Devils batting - Pitching for Connecticut Huskies : RHP Fernando Martínez
Batting: RHB José Simms 0-0: Ball
1-0: Swinging Strike
1-1: Ground out 6-3 (Groundball, 6M)
Batting: RHB Arturo Mesa 0-0: Ball
1-0: Called Strike
1-1: Ball
2-1: Called Strike
2-2: Fly out, F8 (Flyball, 89M)
Batting: RHB Randy Simons 0-0: Called Strike
0-1: Ball
1-1: Foul Ball, location: 2F
1-2: Ball
2-2: Ball
3-2: SINGLE (Line Drive, 9S)
Batting: RHB Joe Leach 0-0: Ball
1-0: Ball
2-0: Called Strike
2-1: Ball
3-1: Ground out 5-3 (Groundball, 5L)
Bottom of the 5th over - 0 run(s), 1 hit(s), 0 error(s), 1 left on base; Connecticut 0 - Duke 1
TOP OF THE 6TH
Connecticut Huskies batting - Pitching for Duke Blue Devils : LHP Steve Patton
Batting: RHB Jeff Manley 0-0: Foul Ball, location: 2F
0-1: Foul Ball, location: 2F
0-2: Ground out 6-3 (Groundball, 6)
Batting: RHB Alberto Peña 0-0: Fly out, F8 (Flyball, 8LM)
Batting: SHB Juan Román 0-0: Called Strike
0-1: Foul Ball, location: 2F
0-2: Ball
1-2: Foul Ball, location: 2F
1-2: Ball
2-2: SOLO HOME RUN (Flyball, 7D), Distance : 358 ft
Batting: RHB Ric Henley 0-0: Ball
1-0: Ball
2-0: Ball
3-0: Called Strike
3-1: Base on Balls
Pitching: RHP Theron Jackson
Batting: RHB Michael Skinner 0-0: Ball
1-0: Foul Ball, location: 2F
1-1: Swinging Strike
1-2: Ball
2-2: Foul Ball, location: 2F
2-2: Ball
3-2: Foul Ball, location: 2F
3-2: SINGLE (Line Drive, 6D)
Ric Henley to second
Ric Henley to third
Batting: RHB Rob Schmidt 0-0: Ball
1-0: Ball
2-0: Called Strike
2-1: Foul Ball, location: 2F
2-2: SINGLE (Line Drive, 6MD)
Ric Henley scores
Michael Skinner to second
Batting: SHB Enrique Rojas 0-0: Ball
1-0: Ball
2-0: Ball
3-0: Called Strike
3-1: Foul Ball, location: 2F
3-2: Base on Balls
Michael Skinner to third
Rob Schmidt to second
Batting: LHB Michael Myers 0-0: Foul Ball, location: 2F
0-1: Foul Ball, location: 2F
0-2: Strikes out swinging
Top of the 6th over - 2 run(s), 3 hit(s), 0 error(s), 3 left on base; Connecticut 2 - Duke 1
BOTTOM OF THE 6TH
Duke Blue Devils batting - Pitching for Connecticut Huskies : RHP Fernando Martínez
Batting: RHB Wayne Ressler 0-0: Swinging Strike
0-1: Foul Ball, location: 2F
0-2: Ball
1-2: Ball
2-2: SINGLE (Line Drive, 4MD)
Batting: RHB Don Turner 0-0: Ball
1-0: Called Strike
1-1: Ball
2-1: Ball
3-1: Foul Ball, location: 2F
3-2: SINGLE (Line Drive, 7S)
Wayne Ressler to second
Batting: SHB Walt Simmons 0-0: Ball
1-0: SINGLE (Line Drive, 8RS)
Wayne Ressler to third
Don Turner to second
Pitching: LHP Edgar Tillman
Batting: RHB Mike Ingram 0-0: Reached on error, E6 (Groundball, 6)
Wayne Ressler scores
Don Turner to third
Walt Simmons to second
Batting: SHB Randy Rodríguez 0-0: Ball
1-0: Called Strike
1-1: Swinging Strike
1-2: Foul Ball, location: 2F
1-2: Ball
2-2: Strikes out swinging
Batting: RHB José Simms 0-0: Ball
1-0: Foul Ball, location: 2F
1-1: Called Strike
1-2: Foul Ball, location: 2F
1-2: SINGLE (Line Drive, 89M)
Don Turner scores
Walt Simmons to third
Mike Ingram to second
Batting: RHB Arturo Mesa 0-0: Ball
1-0: SINGLE (Flyball, 89S)
Walt Simmons scores
Mike Ingram to third
José Simms to second
Batting: RHB Randy Simons 0-0: Called Strike
0-1: Foul Ball, location: 2F
0-2: Ball
1-2: Ball
2-2: Strikes out swinging
Batting: RHB Joe Leach 0-0: Ball
1-0: Ball
2-0: Ball
3-0: Called Strike
3-1: Called Strike
3-2: Fly out, F7 (Line Drive, 7M)
Bottom of the 6th over - 3 run(s), 5 hit(s), 1 error(s), 3 left on base; Connecticut 2 - Duke 4
TOP OF THE 7TH
Connecticut Huskies batting - Pitching for Duke Blue Devils : RHP Theron Jackson
Batting: RHB Gordon Brown 0-0: Called Strike
0-1: Swinging Strike
0-2: Ball
1-2: Foul Ball, location: 2F
1-2: Ground out U3 (Groundball, 3)
Batting: RHB Jeff Manley 0-0: Swinging Strike
0-1: Ball
1-1: Ball
2-1: Called Strike
2-2: Strikes out swinging
Batting: RHB Alberto Peña 0-0: Foul Ball, location: 2F
0-1: Foul Ball, location: 2F
0-2: Fly out, F4 (Popup, 34D)
Top of the 7th over - 0 run(s), 0 hit(s), 0 error(s), 0 left on base; Connecticut 2 - Duke 4
BOTTOM OF THE 7TH
Duke Blue Devils batting - Pitching for Connecticut Huskies : LHP Edgar Tillman
Batting: RHB Wayne Ressler 0-0: Swinging Strike
0-1: Called Strike
0-2: Strikes out swinging
Batting: RHB Don Turner 0-0: Ball
1-0: SINGLE (Groundball, 56)
Batting: SHB Walt Simmons 0-0: Ball
1-0: Called Strike
1-1: Foul Ball, location: 2F
1-2: Foul Ball, location: 2F
1-2: Ball
Passed Ball!
Don Turner to second
2-2: Foul Ball, location: 2F
2-2: Ball
3-2: Intentional Walk
Batting: RHB Mike Ingram 0-0: Called Strike
0-1: Fly out, F3 (Popup, 3F)
Pitching: LHP Wilson Romero
Pinch Hitting: RHB Albert Reaveley 0-0: Called Strike
0-1: Called Strike
0-2: Fly out, F9 (Flyball, 9LMF)
Bottom of the 7th over - 0 run(s), 1 hit(s), 0 error(s), 2 left on base; Connecticut 2 - Duke 4
TOP OF THE 8TH
Connecticut Huskies batting - Pitching for Duke Blue Devils : RHP Theron Jackson
Now in CF: Ron Johnston
Now in RF: Albert Reaveley
Batting: SHB Juan Román 0-0: Called Strike
0-1: Foul Ball, location: 2F
0-2: Ball
1-2: Ball
2-2: Strikes out swinging
Batting: RHB Ric Henley 0-0: Ball
1-0: SINGLE (Groundball, 56D)
Pitching: LHP Jack Maloney
Batting: RHB Michael Skinner 0-0: Ball
1-0: Ball
2-0: Ball
Wild Pitch!
Ric Henley to second
3-0: Called Strike
3-1: SINGLE (Groundball, 15) (infield hit)
Ric Henley to third
Pitching: RHP Jesse Evans
Batting: RHB Rob Schmidt 0-0: Ball
1-0: Ball
2-0: Called Strike
2-1: Called Strike
2-2: Strikes out swinging
Batting: SHB Enrique Rojas 0-0: Ball
1-0: Called Strike
1-1: Ball
2-1: Called Strike
2-2: Fielders Choice at 2nd, 5-4 (Groundball, 5)
Top of the 8th over - 0 run(s), 2 hit(s), 0 error(s), 1 left on base; Connecticut 2 - Duke 4
BOTTOM OF THE 8TH
Duke Blue Devils batting - Pitching for Connecticut Huskies : LHP Wilson Romero
Batting: RHB José Simms 0-0: Foul Ball, location: 2F
0-1: Ball
1-1: Ball
2-1: Ball
3-1: Base on Balls
Batting: RHB Arturo Mesa 0-0: Bunt missed!
0-1: Sac Bunt - play at first, batter OUT! U3
José Simms to second
Batting: RHB Randy Simons 0-0: Intentional Walk
Batting: RHB Joe Leach 0-0: Called Strike
0-1: Ball
1-1: Called Strike
1-2: Foul Ball, location: 2F
1-2: SINGLE (Line Drive, 8LS)
José Simms to third
Randy Simons to second
Runner from 3rd tries for Home, SAFE, throw made home
Randy Simons to third
Joe Leach to second
Batting: RHB Wayne Ressler 0-0: Called Strike
0-1: Ball
1-1: SINGLE (Flyball, 8RS)
Randy Simons scores
Joe Leach to third
Runner from 3rd tries for Home, SAFE, no throw or cutoff
Pitching: LHP Arnold Eckhardt
Batting: RHB Don Turner 0-0: Ball
1-0: Ball
2-0: Called Strike
2-1: Foul Ball, location: 2F
2-2: Ball
3-2: Foul Ball, location: 2F
3-2: Foul Ball, location: 2F
3-2: Foul Ball, location: 2F
3-2: Foul Ball, location: 2F
3-2: Fly out, F7 (Flyball, 7M)
Batting: SHB Walt Simmons 0-0: Ball
1-0: Foul Ball, location: 2F
1-1: Foul Ball, location: 2F
1-2: Fielders Choice at 2nd, U6 (Groundball, 6M)
Bottom of the 8th over - 3 run(s), 2 hit(s), 0 error(s), 1 left on base; Connecticut 2 - Duke 7
TOP OF THE 9TH
Connecticut Huskies batting - Pitching for Duke Blue Devils : RHP Jesse Evans
Batting: LHB Michael Myers 0-0: Called Strike
0-1: Ball
1-1: Foul Ball, location: 2F
1-2: Strikes out looking
Batting: RHB Gordon Brown 0-0: Ball
1-0: Ball
2-0: Ball
3-0: Base on Balls
Batting: RHB Jeff Manley 0-0: Ball
1-0: SINGLE (Line Drive, 8LS)
Gordon Brown to second
Batting: RHB Alberto Peña 0-0: Ball
1-0: Foul Ball, location: 2F
1-1: Called Strike
1-2: Ball
2-2: Ball
3-2: Foul Ball, location: 2F
3-2: Fly out, F4 (Popup, 89S)
Batting: SHB Juan Román 0-0: Ground out 1-3 (Groundball, 15)
Top of the 9th over - 0 run(s), 1 hit(s), 0 error(s), 2 left on base; Connecticut 2 - Duke 7
This league is powered by Out of the Park Baseball, the baseball management simulation game for PC, Mac and Linux
Wednesday, December 2nd, 2015 - OOTP Baseball 16.8 Build 38